 Dungeon Crawl Stone Soup version 0.17.1-1-g73c8601 (webtiles) character file.

46 xeno23 the Firebug (level 3, -6/19 HPs)
             Began as a Deep Elf Fire Elementalist on Jan 2, 2016.
             Killed from afar by Natasha (7 damage)
             ... with a magic dart
             ... on level 2 of the Dungeon.
             The game lasted 00:05:38 (1551 turns).

xeno23 the Firebug (Deep Elf Fire Elementalist)     Turns: 1551, Time: 00:05:38

Health: -6/19      AC:  6    Str:  5      XL:     3   Next: 44%
Magic:  7/9        EV: 13    Int: 19 (20) God:
Gold:   82         SH:  0    Dex: 15      Spells: 1 memorised, 7 levels left

rFire  . . .     SeeInvis .     g - +0 mace (curse)
rCold  . . .     Clarity  .     a - +0 robe
rNeg   . . .     SustAt   .     (no shield)
rPois  .         Gourm    +     d - +0 helmet
rElec  .         Spirit   .     (no cloak)
rCorr  .         Warding  .     h - +0 pair of gloves
rMut   .         Rnd*Tele +     f - +1 pair of boots
MR     .....                    q - amulet of the gourmand
Stlth  ++........               (no ring)
                                i - ring of teleportation (curse)

@: not resistant to hostile enchantments, unstealthy
A: no striking features
a: Evoke Teleportation


You were on level 2 of the Dungeon.
You were not hungry.

You visited 1 branch of the dungeon, and saw 2 of its levels.

You collected 82 gold pieces.

Inventory:

Hand Weapons
 g - a cursed +0 mace (weapon)
Missiles
 o - 9 poisoned needles
Armour
 a - a +0 robe (worn)
 d - a +0 helmet (worn)
 f - a +1 pair of boots (worn)
 h - a +0 pair of gloves (worn)
Jewellery
 i - a cursed ring of teleportation (left hand)
 q - an amulet of the gourmand (around neck)
Scrolls
 e - a scroll of enchant armour
 m - a scroll of fog {unknown}
 n - a scroll of identify {unknown}
Potions
 j - 2 potions of degeneration
 k - 2 potions of curing {unknown}
Books
 b - a book of Flames

   Spells                             Type                      Level
   a - Flame Tongue                   Conjuration/Fire             1
   b - Throw Flame                    Conjuration/Fire             2
   c - Conjure Flame                  Conjuration/Fire             3
   d - Inner Flame                    Hexes/Fire                   3
   e - Sticky Flame                   Conjuration/Fire             4
   f - Fireball                       Conjuration/Fire             5
Comestibles
 c - a bread ration
 l - a meat ration


   Skills:
 - Level 2.4 Dodging
 - Level 2.4 Stealth
 - Level 3.0 Spellcasting
 + Level 2.5 Conjurations
 + Level 4.3 Fire Magic


You had 7 spell levels left.
You knew the following spells:

 Your Spells              Type           Power        Failure   Level  Hunger
a - Flame Tongue          Conj/Fire      ###..        4%          1    None


Dungeon Overview and Level Annotations

Branches:
Dungeon (2/15)

Altars:
Kikubaaqudgha
Makhleb

Annotations:
D:2 Natasha


Message History

The magic dart hits you!
Ouch! That really hurt!
* * * LOW HITPOINT WARNING * * *
You take 18 damage.
Unknown command.
Drink which item? (? for menu, Esc to quit)
It was a potion of degeneration.
There was something very wrong with that liquid.
You feel dopey. Natasha barely misses you.
Casting: Flame Tongue
Confirm with . or Enter, or press ? or * to list all spells.
Aiming: Flame Tongue
Press: ? - help, Shift-Dir - straight line, f - Natasha
Aim: Natasha (lightly wounded)
The flame tongue hits Natasha.
Natasha is heavily wounded.
Natasha stares at you and mumbles some strange words.
The magic dart hits you!
You die...

.#.. #.#
.... #.# #..
#.# #.. #.#
#.. #.# ....
#.# .#.. #h#
### #.. #@#
..# ### #.#
#.# #.# #.#
#.######(#
##
#......#.###
# #.
#####......#
#.##.
####.#.#
.... #.#.#
#.##. #.#.#
#....


You could see Natasha.

Vanquished Creatures
  An adder (D:2)
  2 giant cockroaches (D:1)
  2 goblins
  6 hobgoblins
  4 jackals (D:2)
  3 kobolds
  A ball python (D:1)
  6 bats
  3 giant geckos (D:1)
  A giant newt (D:1)
  4 rats
33 creatures vanquished.

Vanquished Creatures (others)
  A human (D:2)
1 creature vanquished.

Grand Total: 34 creatures vanquished

Notes
Turn   | Place    | Note
--------------------------------------------------------------
     0 | D:1      | xeno23 the Deep Elf Fire Elementalist began the quest for the Orb.
     0 | D:1      | Reached XP level 1. HP: 10/10 MP: 6/6
   394 | D:1      | Reached XP level 2. HP: 10/15 MP: 2/8
  1022 | D:1      | Reached skill level 4 in Fire Magic
  1341 | D:2      | Found a burning altar of Makhleb.
  1362 | D:2      | Reached XP level 3. HP: 19/19 MP: 6/9
  1500 | D:2      | Found an ancient bone altar of Kikubaaqudgha.
  1501 | D:2      | Noticed a human
  1503 | D:2      | Killed a human
  1544 | D:2      | Noticed Natasha
  1551 | D:2      | Killed from afar by Natasha

Action                   || total
-------------------------++-------
Melee: Unarmed           ||    10
       Mace              ||    27
 Cast: Flame Tongue      ||    48
  Use: Scroll            ||     3
       Potion            ||     1
 Stab: Sleeping          ||     4
       Distracted        ||     1
  Eat: Chunk             ||     2
